 Dungeon Crawl Stone Soup version 0.31-a0-765-g67fe2935dc (webtiles) character file.

Game seed: 3552631194227700283

25221 Newt the Spear-Bearer (level 12, -40/97 HPs)
             Began as a Demonspawn Gladiator on Sept 15, 2023.
             Was the Champion of Okawaru.
             Killed from afar by a frost giant (54 damage)
             ... with a bolt of cold
             ... on level 13 of the Dungeon.
             The game lasted 00:18:53 (13870 turns).

Newt the Spear-Bearer (Demonspawn Gladiator)       Turns: 13870, Time: 00:18:56

Health: -40/97     AC: 14    Str: 23    XL:     12   Next: 87%
Magic:  18/18      EV: 21    Int: 12    God:    Okawaru [******]
Gold:   761        SH: 10    Dex: 15    Spells: 9/11 levels left

rFire   + . .        A - +5 spear (venom)
rCold   . . .        Z - +0 buckler "Onkuh" {rF+ Regen+ Stlth+}
rNeg    . . .        u - +3 leather armour of Ruyrize {Int+3}
rPois   .            c - +0 helmet
rElec   .            (cloak unavailable)
rCorr   .            E - +0 pair of gloves
SInv    .            m - +1 pair of boots {rampage}
Will    .....        L - amulet of the acrobat
Stlth   ++           i - ring of wizardry
HPRegen 1.16/turn    S - ring of Ropn {EV+5 Str+3}
MPRegen 0.16/turn

%: acrobat, rampage, wizardry (x1)
@: no status effects
A: foul stench 1, icemail 1, sturdy frame 2, condensation shield, weakness
stinger 3
a: Renounce Religion, Heroism, Finesse, Duel


You were on level 13 of the Dungeon.
You worshipped Okawaru.
Okawaru was exalted by your worship.
You visited 1 branch of the dungeon, and saw 13 of its levels.

You collected 761 gold pieces.

Inventory:

Hand Weapons
 A - a +5 spear of venom (weapon)
Missiles
 d - 6 throwing nets
 e - 5 javelins
 h - 9 boomerangs
 n - 22 poisoned darts
 J - an atropa-tipped dart
 Y - 3 silver javelins
Armour
 c - a +0 helmet (worn)
 m - a +1 pair of boots of rampaging (worn)
 u - the +3 leather armour of Ruyrize (worn) {Int+3}
   (You found it on level 4 of the Dungeon)

   Int+3:     It affects your intelligence (+3).
 E - a +0 pair of gloves (worn)
 Q - the +0 crystal plate armour of Okawaru's Regard {Str+3}
   (Okawaru gifted it to you on level 9 of the Dungeon)

   Str+3:     It affects your strength (+3).
 V - a +0 tower shield
 W - the +5 plate armour of the Bursted God {rElec rPois Dex-2}
   (You found it on level 11 of the Dungeon)

   Dex-2:     It affects your dexterity (-2).
   rElec:     It insulates you from electricity.
   rPois:     It protects you from poison
 Z - the +0 buckler "Onkuh" (worn) {rF+ Regen+ Stlth+}
   (Okawaru gifted it to you on level 12 of the Dungeon)

   rF+:       It protects you from fire.
   Regen+:    It increases your rate of health regeneration.
   Stlth+:    It makes you more stealthy.
Jewellery
 i - a ring of wizardry (left hand)
 s - a +6 ring of intelligence
 w - an amulet of magic regeneration
 L - an amulet of the acrobat (around neck)
 P - a ring of magical power
 S - the ring of Ropn (right hand) {EV+5 Str+3}
   (You acquired it on level 11 of the Dungeon)

   [ring of evasion]

   EV+5:      It affects your evasion (+5).
   Str+3:     It affects your strength (+3).
Wands
 f - a wand of mindburst (20)
 k - a wand of paralysis (32)
 H - a wand of flame (5)
 I - a wand of roots (12)
 N - a wand of polymorph (5)
Scrolls
 b - 2 scrolls of amnesia
 p - 2 scrolls of poison
 y - a scroll of enchant armour
 B - 3 scrolls of fear
 C - 7 scrolls of teleportation
 F - 4 scrolls of vulnerability
Potions
 a - a potion of magic {unknown}
 l - 2 potions of lignification
 q - 2 potions of cancellation
 r - a potion of brilliance
 v - a potion of mutation
 x - a potion of resistance
 D - 2 potions of enlightenment {unknown}
 K - a potion of invisibility
 M - 2 potions of ambrosia
 R - a potion of attraction {unknown}
 T - a potion of curing


   Skills:
 - Level 10.0 Fighting
 - Level 2.6 Short Blades
 - Level 3.0 Maces & Flails
 - Level 14.0 Polearms
 - Level 1.7 Throwing
 + Level 2.0 Armour
 - Level 9.0 Dodging
 - Level 8.0 Shields
 - Level 9.0 Invocations
 - Level 6.0 Evocations


You had 9 spell levels left.
You knew the following spells:

 Your Spells              Type           Power      Damage    Failure   Level
a - Jinxbite              Hex            0%         N/A       22%         2

Your spell library contained the following spells:

 Spells                   Type           Power      Damage    Failure   Level
 Apportation              Tloc           0%         N/A       16%         1
 Slow                     Hex            0%         N/A       16%         1
 Sting                    Tmut/Pois      0%         1d3       16%         1
 Blink                    Tloc           0%         N/A       22%         2
 Ensorcelled Hibernation  Hex/Ice        0%         N/A       22%         2
 Passwall                 Tmut/Erth      0%         N/A       22%         2
 Poisonous Vapours        Pois/Air       0%         N/A       22%         2
 Confusing Touch          Hex            0%         N/A       41%         3
 Sigil of Binding         Hex            0%         N/A       41%         3
 Swiftness                Air            0%         N/A       41%         3
 Vampiric Draining        Necr           0%         2d6       41%         3
 Dimensional Bullseye     Hex/Tloc       0%         N/A       80%         4
 Iskenderun's Mystic Bla  Conj/Tloc      0%         2d3       80%         4
 Manifold Assault         Tloc           0%         N/A       80%         4
 Olgreb's Toxic Radiance  Pois           0%         N/A       80%         4
 Vhi's Electric Charge    Tloc/Air       0%         N/A       80%         4
 Alistair's Intoxication  Tmut/Pois      0%         N/A       98%         5
 Arcjolt                  Conj/Air       0%         1d10      98%         5
 Maxwell's Capacitive Co  Air            0%         ∞         100%        8
 Tukima's Dance           Hex            Unusable   N/A       N/A         3

Dungeon Overview and Level Annotations

Branches:
Dungeon (13/15)            Temple (0/1) D:7            Lair (0/5) D:8
    Orc (0/2) D:12         Vaults (0/5) D:13

Altars:
Ashenzari
Kikubaaqudgha
Okawaru
Trog
Wu Jian

Annotations:
D:4 2 transporters
D:11 2 transporters, Goober42's ghost, journeyman DECj


Innate Abilities, Weirdness & Mutations

You may rarely emit foul miasma when damaged in melee.
A meltable icy envelope protects you from harm. (AC +4)
Your movements are less encumbered by armour. (ER -4)
A meltable shield of frost defends you. (SH +4)
You have a sharp stinger which inflicts weakening toxins.


Message History

The frost giant misses you.
You hit the frost giant.
The frost giant looks as sick as possible!
You tail-slap the frost giant.
The frost giant looks weaker.
The frost giant is heavily wounded.
You hit the frost giant but do no damage.
The frost giant looks as sick as possible!
The frost giant is heavily wounded.
The frost giant completely misses you.
You hit the frost giant.
The frost giant looks as sick as possible!
The frost giant is heavily wounded.
You barely miss the frost giant.
The frost giant is heavily wounded.
The frost giant casts a spell at you. The bolt of cold hits you!!
You hit the frost giant.
The frost giant is heavily wounded.
You hit the frost giant but do no damage.
The frost giant looks as sick as possible!
The frost giant is heavily wounded.
The frost giant points at you and mumbles some strange words.
The bolt of cold hits you!!!
* * * LOW HITPOINT WARNING * * *
Unknown command.
Okay, then.
Okay, then.
Aiming: Paralyse
Press: ? - help, Shift-Dir - straight line, f/p - frost giant
Aim: a frost giant, wielding a +1 battleaxe of freezing (severely wounded, extremely poisoned, weak, chance to affect: 16%)
Okay, then.
Okay, then.
Okay, then.
Blink to where?
Press: ? - help, Dir - move target, p - frost giant
As you read the scroll of blinking, it crumbles to dust.
The frost giant points at you and mumbles some strange words.
The bolt of cold hits you!!!
Ouch! That really hurt!
You die...

#### #.#...#.........##
#.#...'........##
#.#...#..######.##
#.#...#..# #...##
#.#...#..# #....##
###.####.## #.....#
##.###.##..# #....##
#.......#..# ##....## #
#......'@.# ##....## ##
#.†∩†8.'..######.....# #.
#..C§..'............## ##
#.......##............###.
##.###†###.............#..
# ### ###########..###.
#...#.. #...... #######


You could see a frost giant (extremely poisoned, weak).

Vanquished Creatures
  3 hydras (D:13)
  A centaur warrior (D:12)
  3 boulder beetles
  4 two-headed ogres
  Amaemon (D:8)
  3 deep elf pyromancers
  An ugly thing (D:12)
  2 cyclopes (D:12)
  Joseph (D:7)
  Maggie (D:8)
  A gargoyle (D:10)
  An orange demon (D:8)
  2 kobold demonologists (D:13)
  An efreet (D:12)
  5 trolls
  3 slime creatures (D:13)
  A wraith (D:11)
  4 wyverns
  26 yaks
  2 vampires
  3 shadows
  A steam dragon (D:6)
  7 vampire mosquitoes
  A two-headed ogre zombie (D:12)
  An acid dragon (D:12)
  A water moccasin (D:7)
  3 orc warriors
  An ice beast (D:6)
  2 sky beasts
  2 black bears
  2 ogres
  9 centaurs
  2 phantoms (D:12)
  3 kobold brigands
  3 bullfrogs
  4 gnoll sergeants
  5 scorpions
  2 troll zombies (D:12)
  4 wights
  18 killer bees
  A hound (D:7)
  2 jellies
  4 orc priests
  3 gnoll boudas
  2 iguanas
  13 orc wizards
  3 sleepcaps
  5 ogre zombies (D:12)
  40 gnolls
  13 adders
  A shadow imp (D:6)
  A white imp (D:6)
  4 ufetubi
  A worm (D:3)
  A dart slug (D:3)
  42 orcs
  6 ball pythons
  9 endoplasms
  4 giant cockroaches
  8 goblins
  7 hobgoblins
  14 kobolds
  3 quokkas
  6 bats
  2 frilled lizards
  2 goblin skeletons (D:12)
  2 goblin zombies (D:12)
  5 hobgoblin zombies (D:12)
  4 orc skeletons (D:12)
  12 orc zombies (D:12)
  8 rats
368 creatures vanquished.

Vanquished Creatures (others)
  A vampire (D:12)
1 creature vanquished.

Grand Total: 369 creatures vanquished

Notes
Turn   | Place    | Note
-------+----------+-------------------------------------------
     0 | D:1      | Newt the Demonspawn Gladiator began the quest for the Orb.
     0 | D:1      | Reached XP level 1. HP: 16/16 MP: 1/1
   117 | D:1      | Gained mutation: You have a small tail. [demonic ancestry]
   117 | D:1      | Reached XP level 2. HP: 23/23 MP: 2/2
   541 | D:2      | Reached XP level 3. HP: 29/29 MP: 3/3
   956 | D:2      | Found a faded altar of an unknown god.
   974 | D:2      | Found an ancient bone altar of Kikubaaqudgha.
   985 | D:2      | Reached XP level 4. HP: 38/38 MP: 4/4
  1246 | D:3      | Reached skill level 5 in Fighting
  1246 | D:3      | Reached skill level 1 in Maces & Flails
  1620 | D:3      | Gained mutation: Your movements are slightly less
                  | encumbered by armour. (ER -2) [demonic ancestry]
  1620 | D:3      | Reached XP level 5. HP: 44/44 MP: 5/5
  1741 | D:3      | Learned a level 2 spell: Jinxbite
  1800 | D:3      | Found an iron altar of Okawaru.
  1800 | D:3      | Found a broken altar of Ashenzari.
  1826 | D:3      | Became a worshipper of Warmaster Okawaru
  2755 | D:4      | Found a transporter.
  2792 | D:4      | Gained mutation: You have a tail ending in a sharp stinger.
                  | [demonic ancestry]
  2792 | D:4      | Reached XP level 6. HP: 48/51 MP: 3/6
  2932 | D:4      | Noticed a hornet
  2934 | D:4      | Found a transporter.
  2935 | D:4      | Identified the +3 leather armour of Ruyrize {Int+3}
  2936 | D:4      | Noticed a sky beast
  2953 | D:4      | Found an ornate altar of the Wu Jian Council.
  3047 | D:5      | Entered Level 5 of the Dungeon
  3057 | D:5      | Reached * piety under Okawaru
  3098 | D:5      | Reached skill level 5 in Dodging
  3098 | D:5      | Gained mutation: A meltable shield of frost defends you.
                  | (SH +4) [demonic ancestry]
  3098 | D:5      | Reached XP level 7. HP: 43/56 MP: 4/7
  3934 | D:6      | HP: 2/60 [gnoll sergeant/+4 spear of flaming (3)]
  3941 | D:6      | Reached ** piety under Okawaru
  3993 | D:6      | Reached XP level 8. HP: 23/68 MP: 5/8
  4217 | D:6      | Reached skill level 1 in Polearms
  4457 | D:6      | Reached skill level 2 in Polearms
  4482 | D:6      | Reached skill level 3 in Polearms
  4552 | D:6      | Reached skill level 4 in Polearms
  4620 | D:6      | Reached skill level 5 in Polearms
  4633 | D:6      | Reached skill level 6 in Polearms
  5086 | D:6      | Reached skill level 7 in Polearms
  5105 | D:6      | Reached *** piety under Okawaru
  5420 | D:6      | Reached skill level 8 in Polearms
  5441 | D:7      | Gained mutation: You have a sharp stinger which inflicts
                  | weakening toxins. [demonic ancestry]
  5441 | D:7      | Reached XP level 9. HP: 70/74 MP: 6/9
  5449 | D:7      | Reached skill level 9 in Polearms
  5636 | D:7      | Reached skill level 10 in Polearms
  5991 | D:7      | Found a staircase to the Ecumenical Temple.
  6003 | D:7      | Noticed Joseph
  6018 | D:7      | Killed Joseph
  6018 | D:7      | Reached **** piety under Okawaru
  6700 | D:8      | Found a staircase to the Lair.
  6752 | D:8      | Noticed a two-headed ogre
  6767 | D:8      | Killed a two-headed ogre
  6767 | D:8      | Received a gift from Okawaru
  6767 | D:8      | Reached ***** piety under Okawaru
  6768 | D:8      | Gained mutation: You may rarely emit foul miasma when
                  | damaged in melee. [demonic ancestry]
  6768 | D:8      | Reached XP level 10. HP: 36/80 MP: 8/10
  6990 | D:8      | Noticed Maggie
  7010 | D:8      | Killed Maggie
  7243 | D:8      | Noticed an orange demon
  7246 | D:8      | Noticed Amaemon
  7253 | D:8      | Killed an orange demon
  7268 | D:8      | Killed Amaemon
  7608 | D:8      | Reached skill level 10 in Fighting
  7608 | D:8      | Reached skill level 1 in Evocations
  8012 | D:9      | Reached ****** piety under Okawaru
  8012 | D:9      | Identified the +0 crystal plate armour of Okawaru's Regard
                  | {Str+3} (Okawaru gifted it to you on level 9 of the
                  | Dungeon)
  8012 | D:9      | Received a gift from Okawaru
  8013 | D:9      | Reached skill level 5 in Evocations
  8438 | D:9      | Reached skill level 1 in Invocations
  8438 | D:9      | Gained mutation: A meltable icy envelope protects you from
                  | harm. (AC +4) [demonic ancestry]
  8438 | D:9      | Reached XP level 11. HP: 86/90 MP: 10/12
  8927 | D:10     | Entered Level 10 of the Dungeon
  9433 | D:10     | Reached skill level 5 in Invocations
  9469 | D:10     | Paralysed by a gnoll sergeant for 2 turns
 10379 | D:11     | Identified the +5 plate armour of the Bursted God {rElec
                  | rPois Dex-2}
 10481 | D:11     | Identified the +0 spear "Desi" {flame, *Rage rN+ Will+++
                  | Str+3}
 10588 | D:11     | Found a transporter.
 10596 | D:11     | Noticed Goober42's ghost (journeyman DECj)
 10598 | D:11     | Found a bloodstained altar of Trog.
 10606 | D:11     | Found a transporter.
 10618 | D:11     | Noticed a deep troll
 10671 | D:11     | Identified a scroll of acquirement
 10671 | D:11     | Acquired the ring of Ropn {EV+5 Str+3}
 10800 | D:11     | Noticed a two-headed ogre
 10807 | D:11     | Killed a two-headed ogre
 10808 | D:11     | Reached skill level 11 in Polearms
 10941 | D:11     | Reached skill level 12 in Polearms
 11037 | D:11     | Noticed a boulder beetle
 11061 | D:11     | Killed a boulder beetle
 11066 | D:11     | Received a gift from Okawaru
 11194 | D:11     | Reached skill level 13 in Polearms
 11312 | D:12     | Noticed a white ugly thing
 11322 | D:12     | Killed a white ugly thing
 11448 | D:12     | Found a staircase to the Orcish Mines.
 11506 | D:12     | Identified the +0 buckler "Onkuh" {rF+ Regen+ Stlth+}
                  | (Okawaru gifted it to you on level 12 of the Dungeon)
 11506 | D:12     | Received a gift from Okawaru
 11547 | D:12     | Gained mutation: Your movements are less encumbered by
                  | armour. (ER -4) [demonic ancestry]
 11547 | D:12     | Reached XP level 12. HP: 97/97 MP: 18/18
 11644 | D:12     | Noticed a two-headed ogre
 11656 | D:12     | Killed a two-headed ogre
 11796 | D:12     | Noticed a boulder beetle
 11836 | D:12     | Killed a boulder beetle
 11851 | D:12     | Reached skill level 14 in Polearms
 12190 | D:12     | Reached skill level 1 in Shields
 12517 | D:12     | Noticed a two-headed ogre
 12539 | D:12     | Killed a two-headed ogre
 12647 | D:12     | Noticed a centaur warrior
 12663 | D:12     | Killed a centaur warrior
 12903 | D:13     | Noticed a six-headed hydra
 12923 | D:13     | Killed a six-headed hydra
 12924 | D:13     | Reached skill level 5 in Shields
 13019 | D:13     | Noticed a six-headed hydra
 13036 | D:13     | Killed a six-headed hydra
 13106 | D:13     | Noticed a boulder beetle
 13128 | D:13     | Killed a boulder beetle
 13149 | D:13     | Noticed a five-headed hydra
 13165 | D:13     | Killed a five-headed hydra
 13294 | D:13     | Identified the +0 ring mail "Nomad" {+Blink} (Okawaru
                  | gifted it to you on level 13 of the Dungeon)
 13294 | D:13     | Received a gift from Okawaru
 13295 | D:13     | Reached skill level 1 in Armour
 13849 | D:13     | Found a gate to the Vaults.
 13850 | D:13     | Noticed a frost giant
 13870 | D:13     | Killed from afar by a frost giant

Illustrated notes

Levels and vault maps discovered:
D:1:      lightli_molten_gateway, layout_basic, minivault_26,
          grunt_decor_arrowhead
D:2:      minmay_angry_zag, layout_basic,
          hellmonk_ecumenical_altar_heavens_door, basic_altar
D:3:      layout_loops_ring, grunt_temple_overflow_open,
          chequers_serial_rivers_micro_e, minmay_mini_jars
D:4:      layout_basic, gammafunk_temple_overflow_arena
D:5:      layout_basic
D:6:      layout_loops_ring
D:7:      layout_cave_pools, minmay_temple_entry_mini_moons,
          serial_column_ruins, column_ruins_hut, column_ruins_open_tiny,
          column_ruins_columns_T, column_ruins_grid_3, column_ruins_grid_3,
          column_ruins_open_tiny, column_ruins_columns_dead_end,
          column_ruins_grid_3, uniq_joseph
D:8:      layout_loops_ring, lair_entry_dummy, minmay_misc_feat_cross,
          uniq_maggie, uniq_amaemon
D:9:      layout_loops_cross, enter_bailey_7
D:10:     layout_loops_ring, chequers_mini_garden
D:11:     layout_roguey, gammafunk_ghost_wrathful_warriors
D:12:     minmay_chambers_of_sixes, layout_stronghold, zombieorc2_lemuel
D:13:     layout_irregular_city, hellmonk_vaults_attempted_burglary,
          nicolae_figureground_pulse

Skill      XL: |  1  2  3  4  5  6  7  8  9 10 11 12 |
---------------+-------------------------------------+-----
Fighting       | 3 4 5 7 8 10 | 10.0
Maces & Flails | 1 3 |  3.0
Dodging        | 3 5 8 9 |  9.0
Polearms       | 8 10 13 14 | 14.0
Evocations     | 6 |  6.0
Invocations    | 1 9 |  9.0
Shields        | 8 |  8.0
Armour         | 2 |  2.0
Short Blades   | |  2.6
Throwing       | |  1.7

Action                     |  1- 3 |  4- 6 |  7- 9 | 10-12 || total
---------------------------+-------+-------+-------+-------++-------
  Melee: Rapier            |   101 |    17 |       |       ||   118
         Tailslap          |    10 |    22 |    43 |   163 ||   238
         Punch             |     1 |     2 |     7 |     9 ||    19
         Whip              |       |   139 |   108 |       ||   247
         Spear             |       |       |   253 |  1070 ||  1323
  Throw: Throwing net      |       |     1 |     2 |       ||     3
         Dart              |       |     5 |       |       ||     5
   Cast: Jinxbite          |       |     4 |     9 |     9 ||    22
    Use: Scroll            |       |    12 |     5 |     7 ||    24
         Potion            |       |       |     3 |     3 ||     6
   Stab: Sleeping          |       |     2 |     1 |     8 ||    11
         Held in net/web   |       |       |     1 |       ||     1
 Armour: Leather armour    |    38 |    90 |   205 |   309 ||   642
  Dodge: Dodged            |    76 |    94 |   248 |   482 ||   900
  Block: Other             |       |       |    38 |    58 ||    96
         Buckler           |       |       |       |    92 ||    92

Table legend: (Time is in decaauts)
 A = Elapsed time spent in this place.
 B = Non-inter-level travel time spent in this place.
 C = Inter-level travel time spent in this place.
 D = Time resting spent in this place.
 E = Time spent auto-exploring this place.
 F = Levels seen in this place.
 G = Mean time per level.
                   A        B        C        D        E       F      G
               +--------+--------+--------+--------+--------+-----+--------+
         Total |  13319 |  12500 |    819 |   3115 |   7085 |  13 | 1024.5 |
       Dungeon |  13319 |  12500 |    819 |   3115 |   7085 |  13 | 1024.5 |
               +--------+--------+--------+--------+--------+-----+--------+

Top non-repeatable levels by time:
     D:6: 1520 daAuts
    D:12: 1407 daAuts
     D:8: 1257 daAuts
     D:3: 1162 daAuts
    D:10: 1161 daAuts
     D:9: 1113 daAuts
    D:11: 1052 daAuts
     D:7: 981 daAuts
    D:13: 935 daAuts
     D:5: 838 daAuts
     D:4: 788 daAuts
     D:2: 599 daAuts
     D:1: 502 daAuts
